AoeStats
← donsimon93

Scandinavia

510726837Analyzed
1v1 RM · 24h ago on Oct 2, 2026· 56m 34s· 2 players
Game mode
Random Map
Map size
Tiny (2 player)
Population
200
Speed
Normal
Resources
Standard
Victory
Conquest
Starting age
Dark Age
Ending age
Imperial Age
RankedLock teamsTeams togetherTeam positionsShared explorationLock speedFull tech treeHidden civsTurbo modeCheats
Victory
Defeat
🇦🇺 Goths · Australia
996
+18
🇦🇹 Franks · Austria
1032
-18
Clarkey912
11:19 Feudal Age
9:36 Loom
17:49 Castle Age
15:26 Man-at-Arms
16:53 Scale Mail Armor
17:05 Forging
16:47 Fletching
18:12 Long Swordsman
18:59 Squires
21:06 Chain Mail Armor
26:57 Padded Archer Armor
29:51 Bodkin Arrow
30:13 Pikeman
32:44 Iron Casting
34:31 Masonry
39:50 Imperial Age
37:21 Horse Collar
37:29 Double-Bit Axe
38:53 Wheelbarrow
38:04 Town Watch
39:18 Leather Archer Armor
43:48 Chemistry
43:34 Perfusion
43:57 Conscription
44:26 Ballistics
45:03 Halberdier
46:39 Bracer
47:41 Blast Furnace
47:13 Ring Archer Armor
47:03 Anarchy
46:25 Elite Huskarl
48:13 Hand Cart
48:00 Town Patrol
48:21 Bow Saw
47:48 Two-Handed Swordsman
50:42 Champion
donsimon93
4:56 Loom
10:29 Feudal Age
11:04 Double-Bit Axe
17:44 Castle Age
16:09 Gold Mining
16:34 Forging
19:33 Gold Shaft Mining
18:51 Stone Mining
24:52 Wheelbarrow
26:40 Bow Saw
27:19 Husbandry
28:21 Scale Barding Armor
32:18 Iron Casting
32:05 Chain Barding Armor
31:19 Pikeman
39:21 Imperial Age
37:07 Hand Cart
36:38 Town Watch
36:59 Scale Mail Armor
37:32 Pikeman
38:14 Squires
39:20 Padded Archer Armor
39:11 Fletching
39:27 Cavalier
40:35 Conscription
43:48 Halberdier
47:06 Blast Furnace
46:42 Plate Barding Armor
46:24 Chain Mail Armor
47:10 Paladin
Connection lost

Rejoining the realm…

Still unreachable

The connection could not be restored.

Session expired

The server has moved on; the page needs a fresh start.